 Dungeon Sprint DCSS version 0.17-a0-1753-g75d4604 (webtiles) character file.

960 KambridgeKobold the Fighter (level 8, -3/63 HPs)
             Began as a Gargoyle Monk on Sept 2, 2015.
             Was a High Priest of Jiyva.
             Slain by a deep troll (16 damage)
             ... in the Dungeon (Sprint I: "Red Sonja").
             The game lasted 00:05:01 (1213 turns).

KambridgeKobold the Fighter (Gargoyle Monk)         Turns: 1213, Time: 00:05:01

Health: -3/63      AC:  7    Str: 13    XL:     8   Next: 14%
Magic:  4/8        EV: 13    Int: 12    God:    Jiyva [*****.]
Gold:   211        SH:  0    Dex: 17    Spells: 0 memorised, 7 levels left

rFire  . . .     SeeInvis .       - Unarmed
rCold  . . .     Clarity  .     a - +0 robe
rNeg   + . .     SustAt   .     (no shield)
rPois  ∞         Gourm    .     (no helmet)
rElec  +         Spirit   .     (no cloak)
rCorr  +         Warding  .     (no gloves)
rMut   .         NoTele   +     (no boots)
MR     .....                    (no amulet)
Stlth  ++........               (no ring)
                                (no ring)

@: slimy (expiring), not resistant to hostile enchantments, unstealthy
A: agile 1, negative energy resistance 1, electricity resistance, unbreathing,
translucent skin 1, petrification resistance, rot immunity, AC +5
a: Request Jelly, Jelly Paralyse, Slimify, Cure Bad Mutation, Renounce Religion


You were in the Dungeon.
You worshipped Jiyva.
Jiyva was extremely pleased with you.
You were completely stuffed.

You visited 1 branch You collected 211 gold pieces.

Inventory:

Armour
 a - a +0 robe (worn)
Scrolls
 h - a scroll of blinking
Potions
 c - a potion of flight {unknown}
 d - a potion of heal wounds
 e - a potion of haste
 g - a potion of berserk rage
 k - a potion of ambrosia {unknown}
Comestibles
 b - a bread ration
 n - 2 fruits


   Skills:
 + Level 13.3 Fighting
 - Level 2.4 Dodging
 - Level 2.1 Stealth
 + Level 12.6 Unarmed Combat


You had 7 spell levels left.
You didn't know any spells.

Dungeon Overview and Level Annotations

Branches:
Dungeon (1/1)

Altars:
Cheibriados
Dithmenos
Elyvilon
Fedhas
Gozag
Kikubaaqudgha
Makhleb
Nemelex Xobeh
Okawaru
Qazlal
Ru
Sif Muna
Trog
Vehumet
Xom
Yredelemnul
Zin
The Shining One
Jiyva

Shops:
D (


Innate Abilities, Weirdness & Mutations

You are resistant to torment.
Your stone body is resilient (AC +5).
You are immune to poison.
You resist negative energy.
You are resistant to electric shocks.
You can survive without breathing.
You are immune to petrification.
You are immune to rotting.
You are agile. (Dex +2)
Your skin is partially translucent (Stealth, -foe acc).


Message History

There is an open door here.
You close the door.
The deep troll shouts!
You barely miss the deep troll. The deep troll completely misses you.
The deep troll closely misses you.
The deep troll claws you but does no damage.
You hit the deep troll.
The deep troll is lightly wounded.
The deep troll bites you! The deep troll claws you. The deep troll claws you!
You punch the deep troll!
The deep troll is lightly wounded.
You hit the deep troll.
The deep troll is lightly wounded.
The deep troll barely misses you. The deep troll misses you.
The deep troll claws you!
* * * LOW HITPOINT WARNING * * *
Use which ability? (? or * to list)
A thick mucus forms on your hands.
You feel somewhat less full. The deep troll bites you!
You die...

##########################
#<.#.÷'..#..GJ.#__#.s....#
#..'..#..'..#..'.....#...#
#..#####'#####+#__####..ssss#
#..####..#$$$#@#### ####..+
#..#__####$$##T# ##
#..#_..__##'#..§
#⌠⌠#_.∩...+..._#≈
####_..._##_.#'##§
#_____###'#.# )) #######
#.### ## .


You could see a deep troll.

Vanquished Creatures
  2 kobold demonologists (D)
  A slime creature (D)
  Sigmund (D)
  A yak (D)
  An ogre (D)
  A jelly (D)
  Ijyb (D)
8 creatures vanquished.

Vanquished Creatures (others)
  3 shining eyes (D)
  4 jellies (D)
7 creatures vanquished.

Grand Total: 15 creatures vanquished

Notes
Turn   | Place    | Note
--------------------------------------------------------------
     0 | D        | KambridgeKobold the Gargoyle Monk began the quest for the Orb.
     0 | D        | Reached XP level 1. HP: 14/14 MP: 1/1
     1 | D        | Noticed Ijyb
    17 | D        | Killed Ijyb
    17 | D        | Reached skill level 5 in Fighting
    17 | D        | Reached skill level 5 in Unarmed Combat
    17 | D        | Reached XP level 2. HP: 5/21 MP: 2/2
    17 | D        | Reached XP level 3. HP: 6/26 MP: 3/3
   263 | D        | Noticed an ogre
   270 | D        | Killed an ogre
   270 | D        | Reached skill level 7 in Fighting
   270 | D        | Reached XP level 4. HP: 20/35 MP: 4/4
   405 | D        | Noticed Sigmund
   418 | D        | Killed Sigmund
   418 | D        | Reached skill level 10 in Fighting
   418 | D        | Reached XP level 5. HP: 14/42 MP: 5/5
   418 | D        | Reached XP level 6. HP: 16/48 MP: 6/6
   613 | D        | Found a deep blue altar of Sif Muna.
   614 | D        | Noticed a jelly
   615 | D        | Found a radiant altar of Vehumet.
   626 | D        | Killed a jelly
   626 | D        | Reached skill level 10 in Unarmed Combat
   645 | D        | Found Dytram's Antique Weapon Emporium.
   645 | D        | Found a white marble altar of Elyvilon.
   645 | D        | Found a stormy altar of Qazlal.
   645 | D        | Found a burning altar of Makhleb.
   645 | D        | Found a sacrificial altar of Ru.
   645 | D        | Found a basalt altar of Yredelemnul.
   645 | D        | Found a glowing golden altar of the Shining One.
   645 | D        | Found a sparkling altar of Nemelex Xobeh.
   645 | D        | Found a shimmering altar of Xom.
   645 | D        | Found an opulent altar of Gozag.
   645 | D        | Found an ancient bone altar of Kikubaaqudgha.
   645 | D        | Found a glowing silver altar of Zin.
   645 | D        | Noticed a yak
   646 | D        | Found an iron altar of Okawaru.
   652 | D        | HP: 1/48 [yak (9)]
   653 | D        | Killed a yak
   653 | D        | Reached skill level 11 in Fighting
   654 | D        | Found a bloodstained altar of Trog.
   965 | D        | Found a snail-covered altar of Cheibriados.
   965 | D        | Found a viscous altar of Jiyva.
   965 | D        | Found a shadowy altar of Dithmenos.
   965 | D        | Found a blossoming altar of Fedhas.
   965 | D        | Noticed a slime creature
   973 | D        | Killed a slime creature
   973 | D        | Reached skill level 12 in Fighting
   973 | D        | Reached XP level 7. HP: 53/56 MP: 7/7
   998 | D        | Became a worshipper of Jiyva Jausigiz the Shapeless
   998 | D        | Acquired Jiyva's first power
   998 | D        | Acquired Jiyva's second power
  1002 | D        | Acquired Jiyva's third power
  1070 | D        | Killed a shining eye
  1087 | D        | Gained mutation: You can spit weak poison. [Jiyva's grace]
  1089 | D        | Killed a shining eye
  1111 | D        | Killed a shining eye
  1138 | D        | Acquired Jiyva's fourth power
  1141 | D        | Noticed a kobold demonologist
  1145 | D        | Noticed a kobold demonologist
  1156 | D        | Noticed Sonja
  1158 | D        | Noticed a red devil
  1162 | D        | Noticed a blue devil
  1162 | D        | Noticed a chaos spawn
  1162 | D        | Killed a kobold demonologist
  1167 | D        | Killed a kobold demonologist
  1167 | D        | Reached skill level 13 in Fighting
  1167 | D        | Reached XP level 8. HP: 36/63 MP: 8/8
  1180 | D        | Lost mutation: You can spit weak poison. [Jiyva's grace]
  1191 | D        | Slimified Sonja
  1191 | D        | Noticed Sonja
  1191 | D        | Sonja changed into Sonja the ooze
  1194 | D        | Gained mutation: Your skin is partially translucent (Stealth, -foe acc). [Jiyva's grace]
  1198 | D        | Noticed a demonic crawler
  1198 | D        | Noticed a demonic crawler
  1198 | D        | Noticed a demonic crawler
  1198 | D        | Noticed a demonic crawler
  1204 | D        | Gained mutation: You are agile. (Dex +2) [Jiyva's grace]
  1205 | D        | Noticed a deep troll
  1213 | D        | Slain by a deep troll

Vault maps used:
D:        dungeon_sprint_1

Action                   |  1- 3 |  4- 6 |  7- 9 || total
-------------------------+-------+-------+-------++-------
Melee: Unarmed           |    21 |    31 |    24 ||    76
Invok: Slimify           |       |       |     3 ||     3
  Use: Potion            |       |       |     1 ||     1
 Stab: Sleeping          |     1 |     3 |       ||     4
